 Dungeon Crawl Stone Soup version 0.30-a0-634-g8abc85282e (webtiles) character file.

Game seed: 2802840658887750589

6920 bande the Cleaver (level 11, -2/66 HPs)
             Began as a Gargoyle Fighter on Jan 15, 2023.
             Was a High Priest of Okawaru.
             Killed from afar by a shock serpent (shapeshifter) (8 damage)
             ... with a bolt of electricity
             ... on level 9 of the Dungeon.
             The game lasted 00:18:04 (8603 turns).

bande the Cleaver (Gargoyle Fighter)                Turns: 8603, Time: 00:18:05

Health: -2/66      AC: 26    Str: 19    XL:     11   Next: 7%
Magic:  15/15      EV:  7    Int: 10    God:    Okawaru [*****.]
Gold:   1294       SH:  5    Dex: 13    Spells: 9/10 levels left

rFire   . . .      SeeInvis .    a - +1 war axe
rCold   + . .      Faith    .    c - +0 buckler
rNeg    + . .      Spirit   .    m - +3 chain mail
rPois   ∞          Reflect  .    k - +0 helmet
rElec   +          Harm     .    D - +0 cloak
rCorr   .          Rampage  .    u - +1 pair of gloves
Will    .....                    (no boots) Stlth
                                 (no amulet)
HPRegen 0.31/turn                r - +4 ring of slaying
MPRegen 0.14/turn                F - ring of protection from cold

@: no status effects
A: sickness immunity, AC +8, negative energy resistance 1, electricity
resistance, torment resistance 1, petrification resistance
a: Renounce Religion, Heroism, Finesse, Duel


You were on level 9 of the Dungeon.
You worshipped Okawaru.
Okawaru was extremely pleased with you.
You visited 2 branches of the dungeon, and saw 10 of its levels.
You also visited: Sewer.

You collected 1294 gold pieces.

Inventory:

Hand Weapons
 a - a +1 war axe (weapon)
 G - a +5 morningstar
 H - a +3 scimitar of flaming
Missiles
 B - a throwing net (quivered)
Armour
 c - a +0 buckler (worn)
 k - a +0 helmet (worn)
 m - a +3 chain mail (worn)
 p - a scarf of invisibility
 u - a +1 pair of gloves (worn)
 D - a +0 cloak (worn)
 E - a +1 chain mail of fire resistance
Jewellery
 b - a ring of see invisible
 r - a +4 ring of slaying (left hand)
 C - a ring of flight
 F - a ring of protection from cold (right hand)
Wands
 t - a wand of polymorph (5)
 y - a wand of digging (3)
 A - a wand of flame (39)
Scrolls
 j - a scroll of magic mapping
 s - 2 scrolls of enchant armour
 z - a scroll of amnesia
 J - a scroll of teleportation
Potions
 d - 3 potions of might
 e - a potion of resistance
 f - 2 potions of ambrosia
 g - a potion of heal wounds
 h - 3 potions of brilliance
 i - a potion of flight
 l - 6 potions of curing
 n - 2 potions of mutation
 o - a potion of invisibility
 q - 2 potions of magic {unknown}
 v - 3 potions of haste
 w - a potion of experience {unknown}


   Skills:
 + Level 6.5 Fighting
 + Level 9.4 Axes
 + Level 7.3 Armour
 - Level 0.5 Stealth
 + Level 5.7 Shields
 * Level 5.1 Translocations
 * Level 5.7 Invocations
 * Level 5.1 Evocations


You had 9 spell levels left.
You knew the following spells:

 Your Spells              Type           Power      Damage    Failure   Level
a - Apportation           Tloc           20%        N/A       50%         1

Your spell library contained the following spells:

 Spells                   Type           Power      Damage    Failure   Level
 Wereblood                Tmut           0%         N/A       100%        2
 Dispel Undead            Necr           0%         3d6       100%        4
 Iskenderun's Mystic Bla  Conj/Tloc      5%         2d3       100%        4
 Alistair's Intoxication  Tmut/Pois      0%         N/A       100%        5
 Conjure Ball Lightning   Conj/Air       0%         3x3d6     100%        6
 Iron Shot                Conj/Erth      0%         9d1       100%        6
 Cigotuvi's Dreadful Rot  Necr/Pois/Air  Unusable   N/A       N/A         2
 Sublimation of Blood     Necr           Unusable   N/A       N/A         2
 Death Channel            Necr           Unusable   N/A       N/A         6
 Summon Hydra             Summ           Unusable   N/A       N/A         7

Dungeon Overview and Level Annotations

Branches:
Dungeon (9/15)             Temple (1/1) D:5           Sewer (visited)
   Lair: D:8-11         Orc: D:9-12

Altars:
Ashenzari
Cheibriados
Dithmenos
Elyvilon
Fedhas
Gozag
Hepliaklqana
Kikubaaqudgha
Makhleb
Nemelex Xobeh
Okawaru
Qazlal
Sif Muna
Trog
Uskayaw
Vehumet
Wu Jian
Xom
Yredelemnul
Zin
The Shining One

Shops:
D:1 (


Innate Abilities, Weirdness & Mutations

You are immune to sickness and miasma.
Your stone body is resilient. (AC +8)
You are immune to poison.
You resist negative energy. (rN+)
You are resistant to electric shocks. (rElec)
You are resistant to unholy torment.
You are immune to petrification.


Message History

The shock serpent shoots out a bolt of lightning at you!
The bolt of electricity hits you! You resist. The bolt of electricity hits you.
You resist.
The bolt of electricity hits the shock serpent.
The shock serpent completely resists.
You are too injured to fight recklessly!
You are too injured to fight recklessly!
You are too injured to fight recklessly!
You are too injured to fight recklessly!
You are too injured to fight recklessly!
You are too injured to fight recklessly!
You are too injured to fight recklessly!
You are too injured to fight recklessly!
You are too injured to fight recklessly!
You are too injured to fight recklessly!
You are too injured to fight recklessly!
You slash the shock serpent!
The shock serpent is moderately wounded.
The shock serpent's electric aura discharges, shocking you!
You resist. The shock serpent bites you. The shock serpent shocks you.
You resist.
You slash the shock serpent!
The shock serpent is moderately wounded.
The shock serpent's electric aura discharges, shocking you!
You resist. The shock serpent bites you.
* * * LOW HITPOINT WARNING * * *
The shock serpent shocks you. You resist.
* * * LOW HITPOINT WARNING * * *
The shock serpent shoots out a bolt of lightning at you!
The bolt of electricity hits you. You resist.
* * * LOW HITPOINT WARNING * * *
The bolt of electricity hits you. You resist.
* * * LOW HITPOINT WARNING * * *
The bolt of electricity hits the shock serpent.
The shock serpent completely resists.
You hit the shock serpent.
The shock serpent is heavily wounded.
The shock serpent shoots out a bolt of lightning at you!
The bolt of electricity hits you! You resist.
You die...

..).....###.###..#
...#.#.....!.†.#.#
.......###.###†..#
#..#..##..(..##..#
.....##.......##....
....##..#.#.#..####.#
....#..#######..###.#
[[..#..# #..#...#
.[)...#.......#.@S.#
##..#..#.....#.)###...#
##..#..#######..# ##
....# ..# #..##
##...##.. ...# ......#
...# ...##.. #.## .###
#.# .. .#


You could see a shock serpent.

Vanquished Creatures
  A two-headed ogre (D:9)
  Pikel (D:7)
  A gargoyle (D:9)
  An efreet (D:9)
  2 trolls (D:9)
  2 wyverns
  2 yaks (D:9)
  Grum (D:8)
  2 water moccasins
  An acid dragon (D:9)
  3 orc warriors
  A sky beast (D:7)
  An ogre (D:6)
  4 ice beasts
  2 wolves (D:8)
  4 centaurs
  A phantom (D:4)
  3 kobold brigands
  A necrophage (D:6)
  3 bullfrogs
  5 scorpions
  4 wights (D:6)
  7 killer bees (D:8)
  4 howler monkeys
  4 jellies
  2 hounds
  5 orc priests
  2 gnoll boudas
  3 iguanas
  Ijyb (D:5)
  7 orc wizards
  4 gnolls
  11 adders
  5 river rats (Sewer)
  A shadow imp (D:5)
  A white imp (D:6)
  3 ufetubi
  2 worms
  6 dart slugs
  21 orcs
  6 bats
  9 endoplasms
  4 giant cockroaches
  4 hobgoblins
  40 kobolds
  7 quokkas
  13 ball pythons
  6 frilled lizards
  6 goblins
  27 rats
257 creatures vanquished.

Notes
Turn   | Place    | Note
-------+----------+-------------------------------------------
     0 | D:1      | bande the Gargoyle Fighter began the quest for the Orb.
     0 | D:1      | Reached XP level 1. HP: 14/14 MP: 1/1
   107 | D:1      | Reached skill level 2 in Axes
   107 | D:1      | Reached XP level 2. HP: 18/19 MP: 2/2
   332 | D:1      | Reached XP level 3. HP: 23/23 MP: 3/3
   496 | D:1      | Found Moiw's Weapon Shoppe.
   602 | D:1      | Found a faded altar of an unknown god.
   867 | D:2      | Noticed a scorpion
   877 | D:2      | Killed a scorpion
   878 | D:2      | Reached skill level 3 in Axes
   878 | D:2      | Reached XP level 4. HP: 29/29 MP: 4/4
   964 | D:2      | Reached XP level 5. HP: 33/33 MP: 5/5
  1172 | D:2      | Found a radiant altar of Vehumet.
  1331 | D:3      | Identified a scroll of acquirement
  1331 | D:3      | Acquired 712 gold pieces
  1762 | D:4      | Noticed a phantom
  1773 | D:4      | Killed a phantom
  1774 | D:4      | Reached skill level 4 in Axes
  1774 | D:4      | Reached XP level 6. HP: 18/38 MP: 6/6
  1855 | D:4      | Got the Spellbook of Kinetic Energy
  2757 | D:5      | Entered Level 5 of the Dungeon
  2757 | D:5      | Found a shimmering blue altar of Sif Muna.
  2770 | D:5      | Reached XP level 7. HP: 44/44 MP: 7/7
  2775 | D:5      | Learned a level 1 spell: Apportation
  2831 | D:5      | Reached skill level 5 in Axes
  3041 | D:5      | Reached skill level 1 in Evocations
  3152 | D:5      | Noticed Ijyb
  3162 | D:5      | Reached skill level 5 in Armour
  3162 | D:5      | Reached skill level 1 in Translocations
  3169 | D:5      | Killed Ijyb
  3242 | D:5      | Found a staircase to the Ecumenical Temple.
  3250 | Temple   | Entered the Ecumenical Temple
  3368 | Temple   | Became a worshipper of Warmaster Okawaru
  3398 | D:5      | Identified the +7 halberd "Dragonbane" {pain, rC+ Will+}
  3535 | D:5      | Found a broken altar of Ashenzari.
  3565 | D:6      | Found a glowing drain.
  3575 | Sewer    | Entered a sewer
  3735 | Sewer    | Reached XP level 8. HP: 48/48 MP: 8/8
  4204 | D:6      | Reached skill level 1 in Invocations
  4239 | D:6      | Noticed a wyvern
  4246 | D:6      | Killed a wyvern
  4247 | D:6      | Reached skill level 5 in Fighting
  4247 | D:6      | Reached skill level 6 in Axes
  4425 | D:6      | Found a hazy altar of Hepliaklqana.
  4514 | D:6      | Reached * piety under Okawaru
  4612 | D:6      | Found a large runed translucent door.
  4612 | D:6      | Found a large runed translucent door.
  5110 | D:6      | Reached XP level 9. HP: 52/54 MP: 10/10
  5236 | D:6      | Reached skill level 7 in Axes
  5542 | D:5      | Reached ** piety under Okawaru
  5597 | D:6      | Found a shadowy altar of Dithmenos.
  5600 | D:6      | Found an ornate altar of the Wu Jian Council.
  5663 | D:7      | Noticed Pikel
  5679 | D:7      | Killed Pikel
  5975 | D:7      | Reached *** piety under Okawaru
  6272 | D:7      | Reached skill level 8 in Axes
  6649 | D:8      | Reached XP level 10. HP: 40/60 MP: 11/13
  6665 | D:8      | Reached skill level 5 in Shields
  7059 | D:8      | Noticed Grum
  7074 | D:8      | Killed Grum
  7078 | D:8      | Reached **** piety under Okawaru
  7721 | D:9      | Noticed a two-headed ogre
  7732 | D:9      | Killed a two-headed ogre
  7733 | D:9      | Reached skill level 5 in Invocations
  8249 | D:9      | Reached skill level 9 in Axes
  8249 | D:9      | Reached ***** piety under Okawaru
  8265 | D:9      | Received a gift from Okawaru
  8344 | D:9      | HP: 2/61 [wyvern (6)]
  8410 | D:9      | Noticed a gargoyle
  8421 | D:9      | Killed a gargoyle
  8422 | D:9      | Reached skill level 5 in Translocations
  8422 | D:9      | Reached skill level 5 in Evocations
  8422 | D:9      | Reached XP level 11. HP: 41/66 MP: 15/15
  8530 | D:9      | Noticed a two-headed ogre
  8598 | D:9      | Noticed a shock serpent
  8603 | D:9      | Killed from afar by a shock serpent (shapeshifter)

Illustrated notes

Levels and vault maps discovered:
D:1:      nzn_arrival_water_spiral, layout_loops_ring, serial_rivers,
          chequers_serial_rivers_small_b, chequers_serial_rivers_room_b,
          chequers_serial_rivers_micro_d, chequers_serial_rivers_room_a,
          chequers_serial_rivers_small_3, chequers_serial_rivers_small_b,
          dreamdust_ecumenical_altar_statues, serial_shops, shop,
          minmay_misc_feat_alley, glass_columns_b, minmay_tall_x
D:2:      layout_rooms, basic_altar
D:3:      layout_rooms
D:4:      layout_rooms
D:5:      layout_rooms, general_overflow_altar, marbit_many_paths,
          minmay_temple_entry_statues_fountains, supply_closet_lemuel, uniq_ijyb
D:6:      layout_loops_corners, mainiacjoe_overflow_alcove_2,
          jmf_multi_god_temple2, portal_sewer_entry_b
D:7:      layout_loops_cross, uniq_pikel
D:8:      layout_basic, uniq_grum
D:9:      minmay_the_grid_octo_tiled_octocenter [minmay_the_grid_octo_toaster,
          minmay_the_grid_octo_chip, minmay_the_grid_octo_77,
          minmay_the_grid_octo_concentric,
          minmay_the_grid_octo_prize_square_snowflake,
          minmay_the_grid_square_5x5_shrine2,
          minmay_the_grid_square_5x5_broken_cross,
          minmay_the_grid_square_5x5_six, minmay_the_grid_square_5x5_forky],
          layout_basic, hangedman_abyss_or_decor_jellyfish_corner,
          item_on_display_a
Temple:   regret_index_temple_sphere_string

Skill      XL: |  1  2  3  4  5  6  7  8  9 10 |
---------------+-------------------------------+-----
Axes           | 2 3 4 5 6 8 9 |  9.4
Fighting       | 4 5 6 |  6.5
Armour         | 4 5 6 7 |  7.3
Shields        | 4 5 |  5.7
Evocations     | 1 2 3 5 |  5.1
Translocations | 1 2 3 5 |  5.1
Invocations    | 2 4 5 |  5.7
Stealth        | |  0.5

Action                   |  1- 3 |  4- 6 |  7- 9 | 10-12 || total
-------------------------+-------+-------+-------+-------++-------
Melee: War axe           |    95 |   172 |   372 |   201 ||   840
  Use: Scroll            |     3 |     9 |     7 |     4 ||    23
       Potion            |       |     2 |       |     4 ||     6
Armor: Scale mail        |    65 |       |       |       ||    65
       Chain mail        |       |   121 |   287 |   189 ||   597
       Skin              |       |       |     9 |       ||     9
Dodge: Dodged            |    56 |    66 |   151 |    85 ||   358
Block: Buckler           |    27 |    38 |    91 |    68 ||   224

Table legend: (Time is in decaauts)
 A = Elapsed time spent in this place.
 B = Non-inter-level travel time spent in this place.
 C = Inter-level travel time spent in this place.
 D = Time resting spent in this place.
 E = Time spent auto-exploring this place.
 F = Levels seen in this place.
 G = Mean time per level.
                   A        B        C        D        E       F      G
               +--------+--------+--------+--------+--------+-----+--------+
         Total |   8844 |   8752 |     92 |   1827 |   4803 |  11 |  804.0 |
       Dungeon |   8058 |   7996 |     62 |   1827 |   4265 |   9 |  895.3 |
        Temple |    143 |    113 |     30 |      0 |     99 |   1 |  143.0 |
         Sewer |    641 |    641 |      0 |      0 |    439 |   1 |  641.0 |
               +--------+--------+--------+--------+--------+-----+--------+

Top non-repeatable levels by time:
     D:8: 1557 daAuts
     D:6: 1459 daAuts
     D:4: 1022 daAuts
     D:7: 984 daAuts
     D:1: 919 daAuts
     D:5: 736 daAuts
   Sewer: 641 daAuts
     D:3: 469 daAuts
     D:2: 455 daAuts
     D:9: 452 daAuts
  Temple: 143 daAuts
